[Event "Titled Tuesday Blitz January 31 Early 2023"]
[White "Ricaurte Lopez, Juan Carlos"]
[Black "Prieto Aranguren, Alain"]
[WhiteFideId "3600327"]
[BlackFideId "2268906"]
[WhiteElo "2226"]
[BlackElo "2258"]
[Result "0-1"]
[Round "11"]
[TimeControl "180+2"]
[Date "2023.01.31"]
[WhiteClock "0:00:04"]
[BlackClock "0:00:18"]

1. e4 c6 2. d4 d5 3. exd5 cxd5 4. c4 Nf6 5. Nc3 g6 6. Bg5 Bg7 7. h4 O-O 8. h5 Nxh5 9. cxd5 Nf6 10. Bc4 Nbd7 11. Nge2 Nb6 12. Bb3 Nbxd5 13. Nxd5 Nxd5 14. Qd2 Bf5 15. Bh6 Bxh6 16. Qxh6 Qa5+ 17. Kf1 Nf6 18. f3 Bd3 19. Qe3 Qb5 20. Rd1 Bxe2+ 21. Qxe2 Qxe2+ 22. Kxe2 Rfd8 23. Ke3 Nd5+ 24. Ke4 e6 25. g4 Rac8 26. g5 Kg7 27. Rc1 Rxc1 28. Rxc1 Rd7 29. Bxd5 Rxd5 30. Rc7 Rb5 31. b3 a5 32. f4 b6 33. Kd3 Rb4 34. Kc3 Rb5 35. a3 Rf5 36. Rb7 Rxf4 37. Rxb6 h5 38. b4 axb4+ 39. axb4 h4 40. Ra6 Rf3+ 41. Kc4 h3 42. Ra2 Rg3 43. Rh2 Rxg5 44. b5 Rh5 45. b6 Rh8 46. Kc5 g5 47. b7 g4 48. Ra2 Rb8 49. Kc6 g3 50. Ra3 g2 51. Rg3+ Kf6 52. Kc7 Rxb7+ 53. Kxb7 h2 54. Rxg2 h1=Q 0-1


[Site "https://www.chess.com"]

[Event "Titled Tuesday Blitz January 31 Early 2023"]
[White "Adithya A Chullikkad"]
[Black "rikchessmx"]
[WhiteFideId "45078734"]
[WhiteElo "2259"]
[BlackElo "2329"]
[Result "1-0"]
[Round "11"]
[TimeControl "180+2"]
[Date "2023.01.31"]
[WhiteClock "0:01:48"]
[BlackClock "0:01:03"]

1. d4 Nf6 2. Bf4 Nd5 3. Bg3 d6 4. c4 Nb6 5. Nc3 g6 6. Nf3 Bg7 7. e3 Nc6 8. Bd3 Nb4 9. Bb1 O-O 10. O-O a5 11. a3 Nc6 12. c5 Nd7 13. Nb5 b6 14. Be4 Bb7 15. d5 Nxc5 16. dxc6 Ba6 17. Bd3 a4 18. Be2 Bxb2 19. Ra2 Bf6 20. Nbd4 Bxe2 21. Qxe2 e5 22. Nc2 Qe8 23. Nb4 Bg7 24. Ne1 f5 25. Nd5 Rc8 26. Nd3 Kh8 27. N3b4 Qf7 28. f3 g5 29. e4 f4 30. Bf2 h5 31. Qb5 Ra8 32. Bxc5 dxc5 33. Nd3 g4 34. Rc2 Rfc8 35. Rc4 Qe6 36. Rxa4 Bf8 37. Rxa8 Rxa8 38. Nxc7 Qc8 39. Nxa8 Qxa8 40. c7 c4 41. Qd7 cxd3 42. c8=Q Qxa3 43. Qf5 Kg8 44. Qg6+ Kh8 45. Qxh5+ Kg7 46. Qg5+ Kf7 47. Qgf5+ Kg7 48. Qxe5+ Kh7 49. Qcf5+ Kg8 50. Qg6+ 1-0


[Site "https://www.chess.com"]

[Event "Titled Tuesday Blitz January 31 Early 2023"]
[White "Ruiz Aguilar, Pablo Alexander"]
[Black "Kiseleva, Arina"]
[WhiteFideId "4401352"]
[BlackFideId "4164989"]
[WhiteElo "2161"]
[BlackElo "1962"]
[Result "0-1"]
[Round "11"]
[TimeControl "180+2"]
[Date "2023.01.31"]
[WhiteClock "0:01:11"]
[BlackClock "0:00:20"]

1. e4 c6 2. d4 d5 3. exd5 cxd5 4. c4 Nf6 5. Nc3 e6 6. Nf3 Bb4 7. Bd3 O-O 8. O-O dxc4 9. Bxc4 a6 10. Qd3 b5 11. Bb3 Bb7 12. Ne5 Nbd7 13. Nxd7 Qxd7 14. Bg5 Nd5 15. Ne4 Rac8 16. a3 Be7 17. Bxe7 Qxe7 18. Nc5 Rfd8 19. Rac1 Nf4 20. Qd2 Rxd4 21. Qe3 Rxc5 22. Rxc5 Qxc5 23. Rd1 Rxd1+ 24. Bxd1 Qxe3 25. fxe3 Nd5 26. Kf2 f5 27. Bf3 Kf7 28. b4 Bc6 29. e4 Ne7 30. exf5 Bxf3 31. fxe6+ Kxe6 32. Kxf3 Kd5 33. Kf4 Ng6+ 34. Kf5 Nh4+ 35. Kg4 Nxg2 36. Kf3 Ne1+ 37. Ke2 Nc2 38. Kd3 Nxa3 39. Kc3 Nc4 40. Kd3 a5 41. bxa5 Nxa5 42. Kc3 Kc5 43. Kd3 b4 44. Ke4 b3 45. Kf5 b2 46. Ke6 b1=Q 47. Kf7 g5 48. Kg7 g4 49. Kh8 Qh1 50. Kg7 Qxh2 51. Kf6 g3 52. Kg5 g2 53. Kf6 g1=Q 54. Ke7 Qe2+ 55. Kf7 Qef2+ 56. Ke8 Qge1+ 57. Kd7 Qfd2+ 58. Kc7 Qe7+ 59. Kb8 Qdd8# 0-1


[Site "https://www.chess.com"]

[Event "Titled Tuesday Blitz January 31 Early 2023"]
[White "Bongo Akanga Ndjila, Barthelemy"]
[Black "Liimatainen, Jero"]
[WhiteFideId "10609431"]
[BlackFideId "509531"]
[WhiteElo "1824"]
[BlackElo "1948"]
[Result "0-1"]
[Round "11"]
[TimeControl "180+2"]
[Date "2023.01.31"]
[WhiteClock "0:01:40"]
[BlackClock "0:00:47"]

1. d4 Nf6 2. Nf3 e6 3. c4 Bb4+ 4. Bd2 a5 5. g3 b6 6. Bg2 Bb7 7. O-O O-O 8. Bg5 Be7 9. Nc3 Ne4 10. Bxe7 Qxe7 11. Qc2 Nxc3 12. Qxc3 c5 13. dxc5 bxc5 14. Rad1 Nc6 15. Ne5 Nxe5 16. Bxb7 Rab8 17. Bg2 f6 18. b3 a4 19. Rd2 Rb4 20. Rfd1 Rd8 21. f4 Nf7 22. Bc6 axb3 23. Rxd7 Rxd7 24. Rxd7 Qxd7 25. Bxd7 b2 26. Bxe6 b1=Q+ 27. Kg2 Qe4+ 28. Qf3 Qxf3+ 0-1


[Site "https://www.chess.com"]

[Event "Titled Tuesday Blitz January 31 Early 2023"]
[White "Martin, Lewis"]
[Black "Osiecki, Stanislaw"]
[WhiteFideId "410551"]
[BlackFideId "1102990"]
[WhiteElo "2135"]
[BlackElo "2055"]
[Result "1-0"]
[Round "11"]
[TimeControl "180+2"]
[Date "2023.01.31"]
[WhiteClock "0:01:58"]
[BlackClock "0:00:56"]

1. e4 e6 2. b3 d5 3. Bb2 d4 4. Nf3 Nc6 5. c3 e5 6. cxd4 Nxd4 7. Nxe5 c5 8. Nc3 a6 9. Bc4 Be6 10. Bxe6 Nxe6 11. O-O Nf6 12. f4 Qd4+ 13. Kh1 Nxe4 14. Qe2 f5 15. Rae1 Be7 16. Nxe4 Qxb2 17. Nd3 Qd4 18. Nexc5 Bxc5 19. Qxe6+ Kd8 20. Nxc5 Qxc5 21. Re5 Qc6 22. Rd5+ Kc7 23. Qe5+ Kc8 24. Rc5 1-0


[Site "https://www.chess.com"]

[Event "Titled Tuesday Blitz January 31 Early 2023"]
[White "Hrbek, Stepan"]
[Black "Levitan, Caleb Levi"]
[WhiteFideId "393479"]
[BlackFideId "14332620"]
[WhiteElo "2306"]
[BlackElo "2129"]
[Result "1-0"]
[Round "11"]
[TimeControl "180+2"]
[Date "2023.01.31"]
[WhiteClock "0:01:09"]
[BlackClock "0:00:02"]

1. a4 e5 2. e4 Nf6 3. Nc3 Bb4 4. Nf3 d6 5. Bd3 c6 6. Ne2 O-O 7. c3 Ba5 8. b4 Bc7 9. Bc2 Bg4 10. Ng3 Nbd7 11. h3 Be6 12. d3 d5 13. Qe2 dxe4 14. dxe4 Qe7 15. Nh4 Rfd8 16. Ngf5 Bxf5 17. Nxf5 Qe6 18. Rb1 Nf8 19. Bg5 N8d7 20. a5 h6 21. Be3 b6 22. a6 c5 23. Bb3 Qe8 24. b5 Nf8 25. f3 Ne6 26. g3 Rac8 27. Bc4 Bb8 28. h4 Nh5 29. Kf2 g6 30. Nxh6+ Kg7 31. Ng4 Nf6 32. Bh6+ Kh8 33. Nxf6 Qe7 34. Bg5 Nxg5 35. hxg5+ Kg7 36. Rh7+ Kf8 37. Rbh1 Qd6 38. Rxf7# 1-0


[Site "https://www.chess.com"]

[Event "Titled Tuesday Blitz January 31 Early 2023"]
[White "kiwibobo"]
[Black "Vaglio Munoz, Jaime"]
[BlackFideId "6500145"]
[WhiteElo "2040"]
[BlackElo "2174"]
[Result "1-0"]
[Round "11"]
[TimeControl "180+2"]
[Date "2023.01.31"]
[WhiteClock "0:01:32"]
[BlackClock "0:00:05"]

1. e4 c6 2. d4 Qa5+ 3. Nc3 b5 4. Bd2 b4 5. Nce2 Qb6 6. Nf3 d5 7. exd5 cxd5 8. c3 a5 9. Ne5 e6 10. Nf4 Nf6 11. Qa4+ Bd7 12. Nxd7 Nbxd7 13. Bb5 Bd6 14. Nd3 Qc7 15. O-O O-O 16. h3 bxc3 17. bxc3 Nb6 18. Qc2 Nc4 19. Bg5 Be7 20. Bxc4 dxc4 21. Ne5 h6 22. Bf4 Bd6 23. Rfe1 Nd5 24. Bg3 Bxe5 25. Bxe5 Qc6 26. Qe4 Qa4 27. Qg4 f6 28. Qxe6+ Kh7 29. Bd6 Nxc3 30. Bxf8 Rxf8 31. d5 Nb5 32. d6 1-0


[Site "https://www.chess.com"]

[Event "Titled Tuesday Blitz January 31 Early 2023"]
[White "Cramling Bellon, Anna"]
[Black "Zampronha, Wladimir Camilo"]
[WhiteFideId "32009232"]
[BlackFideId "2103087"]
[WhiteElo "2043"]
[BlackElo "2176"]
[Result "0-1"]
[Round "11"]
[TimeControl "180+2"]
[Date "2023.01.31"]
[WhiteClock "0:00:01"]
[BlackClock "0:00:29"]

1. d4 Nf6 2. c4 e6 3. Nc3 Bb4 4. Qc2 c5 5. dxc5 Na6 6. a3 Bxc3+ 7. Qxc3 Nxc5 8. f3 a5 9. Bg5 h6 10. Bh4 Nfe4 11. Bxd8 Nxc3 12. Bxa5 Rxa5 13. bxc3 d6 14. e4 Bd7 15. Ne2 Ke7 16. Nd4 Rha8 17. Nc2 Ba4 18. Nb4 Bb3 19. Be2 Rxa3 20. Rxa3 Rxa3 21. O-O Ba4 22. Rb1 Rxc3 23. Ra1 Bd7 24. Ra7 Rb3 25. Nc2 Rb2 26. Nd4 e5 27. Nb5 Bxb5 28. cxb5 Rxe2 29. b6 Rb2 30. g3 g5 31. h4 Rxb6 32. hxg5 hxg5 33. f4 gxf4 34. gxf4 exf4 35. Kf2 Rb3 36. Ra5 Ke6 37. Ra1 Nxe4+ 38. Ke2 Re3+ 39. Kf1 f5 0-1


[Site "https://www.chess.com"]

[Event "Titled Tuesday Blitz January 31 Early 2023"]
[White "Hertlein, Irena"]
[Black "Mitrovic, Darko R"]
[WhiteFideId "21817618"]
[BlackFideId "927023"]
[WhiteElo "1994"]
[BlackElo "2220"]
[Result "1-0"]
[Round "11"]
[TimeControl "180+2"]
[Date "2023.01.31"]
[WhiteClock "0:00:06"]
[BlackClock "0:00:02"]

1. Nf3 c5 2. c4 e6 3. Nc3 Nc6 4. d4 cxd4 5. Nxd4 Nf6 6. Ndb5 Bc5 7. Nd6+ Ke7 8. Bf4 Qb6 9. e3 Qxb2 10. Ndb5 e5 11. Rb1 Qxb1 12. Qxb1 exf4 13. Nc7 Rb8 14. N7d5+ Nxd5 15. Nxd5+ Kd8 16. Be2 fxe3 17. fxe3 d6 18. O-O Be6 19. Qe4 Ne5 20. Nf4 Ke7 21. Nxe6 fxe6 22. Qh4+ Kd7 23. Kh1 h6 24. Qg3 g5 25. h4 b6 26. h5 Rbf8 27. Rxf8 Rxf8 28. Bf3 Rf6 29. Qe1 a5 30. Qd1 Ke7 31. Qa4 Bxe3 32. Qb5 Bc5 33. Qa6 Nxf3 34. gxf3 Rf4 35. Qb7+ Kf6 36. Qa8 Rh4+ 37. Kg2 Rxh5 38. Qf8+ Ke5 39. Qg7+ 1-0


[Site "https://www.chess.com"]

[Event "Titled Tuesday Blitz January 31 Early 2023"]
[White "Hartikainen, Jarmo"]
[Black "Iskusnyh, Sergei"]
[WhiteFideId "503134"]
[BlackFideId "4120027"]
[WhiteElo "2108"]
[BlackElo "2440"]
[Result "0-1"]
[Round "11"]
[TimeControl "180+2"]
[Date "2023.01.31"]
[WhiteClock "0:00:21"]
[BlackClock "0:01:26"]

1. e4 e6 2. d4 d5 3. Nc3 Nf6 4. Bg5 dxe4 5. Nxe4 Nbd7 6. Nf3 h6 7. Nxf6+ Nxf6 8. Bd2 c5 9. Bb5+ Bd7 10. Qe2 cxd4 11. Nxd4 Bc5 12. c3 Bxd4 13. cxd4 Bxb5 14. Qxb5+ Qd7 15. Qxd7+ Kxd7 16. O-O Rhc8 17. Rac1 Nd5 18. Rxc8 Rxc8 19. Rc1 Rxc1+ 20. Bxc1 Nb4 21. Kf1 Nxa2 22. Bd2 Kc6 23. Ke2 Kb5 24. Kd3 Nb4+ 25. Kc3 Nd5+ 26. Kb3 a5 27. g3 h5 28. h4 a4+ 29. Kc2 Kc4 30. Be3 Nxe3+ 31. fxe3 f5 32. Kd2 Kb3 33. Kc1 b5 34. Kb1 b4 35. Kc1 a3 36. bxa3 bxa3 37. Kb1 a2+ 38. Ka1 Ka3 39. d5 exd5 40. e4 fxe4 41. g4 e3 42. g5 e2 43. g6 e1=Q# 0-1


[Site "https://www.chess.com"]

[Event "Titled Tuesday Blitz January 31 Early 2023"]
[White "Rosenberg, Evan S"]
[Black "Gundam, Rohit"]
[WhiteFideId "2019299"]
[BlackFideId "75002809"]
[WhiteElo "1956"]
[BlackElo "2058"]
[Result "0-1"]
[Round "11"]
[TimeControl "180+2"]
[Date "2023.01.31"]
[WhiteClock "0:00:04"]
[BlackClock "0:00:42"]

1. d4 Nf6 2. Nf3 e6 3. g3 b6 4. Bg2 Bb7 5. O-O c5 6. dxc5 bxc5 7. c4 Nc6 8. Nc3 Be7 9. Bf4 d5 10. Ne5 O-O 11. Rc1 Rc8 12. Qa4 Qb6 13. Qb5 d4 14. Qxb6 axb6 15. Nb5 Na5 16. b3 Bxg2 17. Kxg2 Rfd8 18. Rfd1 Nd7 19. Nxd7 Rxd7 20. h4 f6 21. Bd2 Nc6 22. Be1 Ra8 23. a4 Na5 24. Bxa5 bxa5 25. f4 e5 26. fxe5 fxe5 27. Kf3 Rf8+ 28. Ke4 Rf2 29. Re1 g5 30. hxg5 Bxg5 31. Rcd1 Rg2 32. Rd3 Be3 33. Kxe5 Rxg3 34. Ke6 Rgg7 35. Rf1 Rge7+ 36. Kf5 Rf7+ 37. Ke6 Rfe7+ 38. Kf5 Kf8 39. Rh1 Rf7+ 40. Ke6 Rfe7+ 41. Kf5 Ke8 42. Kg4 Rg7+ 43. Kh3 Rg6 44. Nc3 Rh6+ 45. Kg2 Rg7+ 46. Kf3 Rxh1 47. Nd5 Rf1+ 48. Ke4 Re7+ 49. Nxe7 Kxe7 50. Kd5 h5 51. Kxc5 h4 52. b4 h3 53. bxa5 h2 54. a6 h1=Q 55. a7 Qb7 56. Rb3 d3# 0-1


[Site "https://www.chess.com"]

[Event "Titled Tuesday Blitz January 31 Early 2023"]
[White "Begunov, Konstantin"]
[Black "Quirke, Jeffrey"]
[WhiteFideId "4118510"]
[BlackFideId "2013029"]
[WhiteElo "2325"]
[BlackElo "2007"]
[Result "1-0"]
[Round "11"]
[TimeControl "180+2"]
[Date "2023.01.31"]
[WhiteClock "0:01:34"]
[BlackClock "0:00:54"]

1. d4 Nf6 2. c4 e6 3. Nf3 b6 4. g3 Bb7 5. Bg2 Be7 6. Nc3 O-O 7. Qc2 d5 8. cxd5 exd5 9. O-O Na6 10. Rd1 h6 11. Bf4 c6 12. a3 Nc7 13. b4 Ne6 14. Be3 Rc8 15. Qb3 Bd6 16. Ne5 Qe7 17. Rac1 Nxd4 18. Bxd4 Bxe5 19. Bxe5 Qxe5 20. b5 c5 21. Nxd5 Nxd5 22. Bxd5 Qxe2 23. Bxb7 1-0


[Site "https://www.chess.com"]

[Event "Titled Tuesday Blitz January 31 Early 2023"]
[White "Belenkaya, Dina"]
[Black "Schut, Han"]
[WhiteFideId "24142654"]
[BlackFideId "1005561"]
[WhiteElo "2267"]
[BlackElo "2101"]
[Result "1/2-1/2"]
[Round "11"]
[TimeControl "180+2"]
[Date "2023.01.31"]
[WhiteClock "0:00:41"]
[BlackClock "0:00:51"]

1. Nf3 Nf6 2. g3 g6 3. Bg2 Bg7 4. d3 O-O 5. e4 c5 6. O-O Nc6 7. Nbd2 e5 8. Nc4 d6 9. Bg5 h6 10. Bxf6 Bxf6 11. Ne3 Be6 12. Qd2 Bg7 13. Nh4 Qd7 14. c3 Bh3 15. f4 Bxg2 16. Kxg2 Ne7 17. f5 g5 18. f6 gxh4 19. fxg7 Kxg7 20. Nf5+ Nxf5 21. Rxf5 hxg3 22. Raf1 f6 23. hxg3 Rf7 24. Rh5 Rh8 25. Rfh1 Kf8 26. Rxh6 Rxh6 27. Qxh6+ Ke7 28. Rh4 d5 29. Qg6 dxe4 30. dxe4 Qd2+ 31. Kh3 Qd1 32. Rh6 Qh1+ 33. Kg4 Qd1+ 34. Kh4 Qh1+ 35. Kg4 Qd1+ 36. Kh3 Qh1+ 37. Kg4 1/2-1/2


[Site "https://www.chess.com"]

[Event "Titled Tuesday Blitz January 31 Early 2023"]
[White "Clawitter, Craig"]
[Black "Kostiukov, Alexandr"]
[WhiteFideId "2023105"]
[BlackFideId "14108100"]
[WhiteElo "2050"]
[BlackElo "2271"]
[Result "0-1"]
[Round "11"]
[TimeControl "180+2"]
[Date "2023.01.31"]
[WhiteClock "0:00:01"]
[BlackClock "0:00:04"]

1. e4 c5 2. Nf3 g6 3. d4 cxd4 4. Nxd4 Bg7 5. Nc3 Nc6 6. Be3 Nf6 7. Bc4 O-O 8. Bb3 a5 9. O-O a4 10. Nxa4 Nxe4 11. Nb5 d5 12. Nb6 Ra5 13. a4 d4 14. Nc4 dxe3 15. Nxa5 exf2+ 16. Kh1 Qxa5 17. Qd5 Be6 18. Qxe4 Bxb3 19. cxb3 Qb4 20. Qxb4 Nxb4 21. Rxf2 Nd3 22. Re2 e5 23. Rd1 Nc5 24. Re3 f5 25. Nc3 e4 26. b4 Nd3 27. Rdxd3 exd3 28. Rxd3 Re8 29. g3 Re1+ 30. Kg2 Rc1 31. Rd8+ Bf8 32. Kf3 Rc2 33. Nd5 Rxb2 34. b5 Kf7 35. Rd7+ Ke6 36. Rd8 Bd6 37. Nf4+ Bxf4 38. Kxf4 Rb4+ 39. Kg5 Rg4+ 40. Kh6 Rxa4 41. Rb8 Ra2 42. Rxb7 Ke5 0-1


[Site "https://www.chess.com"]

[Event "Titled Tuesday Blitz January 31 Early 2023"]
[White "Gritsenko, Nikolai"]
[Black "De Souza, Cristiano Gomes"]
[WhiteFideId "14112493"]
[BlackFideId "2151758"]
[WhiteElo "2309"]
[BlackElo "2018"]
[Result "1-0"]
[Round "11"]
[TimeControl "180+2"]
[Date "2023.01.31"]
[WhiteClock "0:00:41"]
[BlackClock "0:01:05"]

1. d4 Nf6 2. Bg5 g6 3. Bxf6 exf6 4. e3 Bg7 5. c4 O-O 6. Nc3 f5 7. g3 d6 8. Bg2 Nd7 9. Nf3 Nf6 10. O-O Ne4 11. Rc1 Nxc3 12. Rxc3 c6 13. Rc1 a5 14. b3 Qe7 15. Qd2 Bf6 16. Rfd1 Kg7 17. a3 h5 18. Rc2 h4 19. Ra2 hxg3 20. hxg3 Rh8 21. b4 axb4 22. axb4 Rxa2 23. Qxa2 g5 24. Qd2 g4 25. Ne1 Bg5 26. Nd3 Qf6 27. c5 Be6 28. cxd6 Bd5 29. Bxd5 cxd5 30. Kf1 Qxd6 31. Ke2 Qa6 32. Qc2 Be7 33. Rb1 b6 34. b5 Qb7 35. Nf4 Qd7 36. Qc6 Qe6 37. Nxe6+ 1-0


[Site "https://www.chess.com"]

[Event "Titled Tuesday Blitz January 31 Early 2023"]
[White "Mayaud, Raphael"]
[Black "Vargas, Mauricio"]
[WhiteFideId "627151"]
[BlackFideId "4404572"]
[WhiteElo "2201"]
[BlackElo "2035"]
[Result "1-0"]
[Round "11"]
[TimeControl "180+2"]
[Date "2023.01.31"]
[WhiteClock "0:00:12"]
[BlackClock "0:00:02"]

1. d4 d5 2. Nf3 Bg4 3. Ne5 Bh5 4. g4 Bg6 5. h4 f6 6. Nxg6 hxg6 7. Qd3 Kf7 8. h5 gxh5 9. gxh5 Nh6 10. Qg6+ Kg8 11. Bh3 Qd6 12. Nc3 Nf7 13. Bd2 c6 14. O-O-O Nd7 15. e4 e6 16. Rdg1 e5 17. exd5 cxd5 18. dxe5 Ndxe5 19. Qg2 d4 20. Ne4 Qc6 21. Kb1 Rd8 22. Bf5 Nh6 23. Bxh6 Rxh6 24. Bg6 d3 25. cxd3 Nxd3 26. Rd1 Qb6 27. Rxd3 Rxd3 28. Nxf6+ Qxf6 29. Bxd3 Kh8 30. Bg6 Qb6 31. Re1 Qd6 32. Qf3 Kg8 33. Qb3+ Kh8 34. Qf7 1-0


[Site "https://www.chess.com"]

[Event "Titled Tuesday Blitz January 31 Early 2023"]
[White "Fernandez Hernandez, Gerardo"]
[Black "Mohammadian, Mohammad"]
[WhiteFideId "2207400"]
[BlackFideId "12566055"]
[WhiteElo "2181"]
[BlackElo "1398"]
[Result "1-0"]
[Round "11"]
[TimeControl "180+2"]
[Date "2023.01.31"]
[WhiteClock "0:00:34"]
[BlackClock "0:00:06"]

1. e4 e5 2. Nf3 Nc6 3. Bc4 Bc5 4. b4 Bxb4 5. c3 Ba5 6. d4 exd4 7. Qb3 Qf6 8. O-O Nge7 9. cxd4 Bb6 10. e5 Qf5 11. Bd3 Qh5 12. Bb2 O-O 13. Nbd2 Nf5 14. d5 Ncd4 15. Qc4 Nxf3+ 16. Nxf3 Ne7 17. d6 Nc6 18. Qe4 Qg6 19. Qc4 Qe6 20. Qc2 g6 21. dxc7 Bxc7 22. Bc4 Qg4 23. h3 Qh5 24. Qc3 d6 25. exd6 1-0


[Site "https://www.chess.com"]

[Event "Titled Tuesday Blitz January 31 Early 2023"]
[White "Sadykov, Ramil"]
[Black "Burdalev, Kirill"]
[WhiteFideId "24113590"]
[BlackFideId "14121913"]
[WhiteElo "2345"]
[BlackElo "2368"]
[Result "1-0"]
[Round "11"]
[TimeControl "180+2"]
[Date "2023.01.31"]
[WhiteClock "0:00:03"]
[BlackClock "0:00:01"]

1. d4 Nf6 2. Nc3 d5 3. Bf4 a6 4. e3 Bf5 5. Nf3 e6 6. Ne5 h6 7. g4 Bh7 8. Bd3 Bxd3 9. Nxd3 Nbd7 10. Qf3 c5 11. O-O-O c4 12. Ne5 Bb4 13. Nb1 Qa5 14. a3 Be7 15. Nxd7 Nxd7 16. e4 Nf6 17. exd5 Nxd5 18. Bd2 Bg5 19. h4 Bxd2+ 20. Rxd2 c3 21. Nxc3 Nxc3 22. Qxc3 Qxc3 23. bxc3 Rc8 24. Rh3 Kd7 25. h5 Rc4 26. Kb2 Rhc8 27. f4 Kd6 28. g5 R8c6 29. Kb3 Kd5 30. Re2 Rb6+ 31. Ka2 f6 32. g6 Rbc6 33. f5 exf5 34. Re7 Rc7 35. Rhe3 f4 36. Rxc7 Rxc7 37. Re1 f3 38. Kb3 f5 39. Re5+ Kd6 40. Rxf5 Re7 41. Rxf3 b5 42. Rf5 1-0